[Event "Marshall Masters 03-2025"]
[Site "New York"]
[Date "2025.03.19"]
[Round "1.1"]
[White "Ling, Chenxuan"]
[Black "Brodsky, David"]
[Result "0-1"]
[Annotator "TA"]
[ECO "E32"]
[WhiteElo "2119"]
[BlackElo "2524"]
[PlyCount "138"]
[EventDate "2025.03.18"]
[EventCountry "USA"]
[SourceTitle "playchess.com"]
[Source "ChessBase"]
[SourceQuality "1"]
[TimeControl "1500+5"]

1. d4 Nf6 2. c4 e6 3. Nc3 Bb4 4. Qc2 h6 5. Nf3 b6 6. e3 {[%emt 0:02:01] E32: Nimzo-Indian: Classical (4 Qc2): 4...0-0.} Bb7 7. Be2 O-O 8. O-O {[%emt 0:00:15] The position is equal.} c5 9. a3 Bxc3 10. Qxc3 cxd4 11. exd4 d5 12. b3 Nbd7 $146 (12... Nc6 13. Rd1 dxc4 14. bxc4 Rc8 15. Bb2 Qe7 16. Rac1 Rfd8 17. Qe3 Ba6 18. h3 Na5 {1-0 Mitic,M (1945)-Lazarevic,Z (2101) Belgrade-chT2 Quality 2022 (3.1)}) 13. Be3 Rc8 14. Rac1 dxc4 15. bxc4 Nd5 16. Qb3 Nxe3 17. Qxe3 Qe7 18. Rfd1 Rfe8 19. Bd3 Rcd8 (19... Qxa3 $2 20. Bh7+ Kxh7 21. Qxa3 $18) 20. Re1 Nf6 (20... Qxa3 $2 21. Bh7+ Kxh7 22. Qxa3 $18) 21. Ne5 {[%emt 0:00:30] Prevents Ng4.} Qd6 (21... Qxa3 $2 22. Bh7+ Nxh7 23. Qxa3 $18) 22. Rcd1 Qc7 (22... Qxa3 $2 23. Bh7+ Nxh7 24. Qxa3 $18) 23. h3 Ba8 24. Bf1 Nd7 25. Nxd7 Qxd7 26. Be2 Qc6 27. Bf1 Qa4 28. Rd2 Bb7 29. Rc1 Rc8 30. Be2 Red8 31. Bd1 Qa5 32. Be2 Ba6 33. Rdc2 Qf5 34. Bf1 Qf6 35. Rd2 Bb7 36. f3 Ba6 37. Be2 Rd7 38. Bf1 Rcd8 39. Rcd1 Bb7 40. Be2 h5 41. Bf1 g6 42. c5 Qe7 43. cxb6 axb6 44. Rb2 Rd6 45. d5 Bxd5 $17 ({Of course not} 45... Rxd5 46. Rxd5 Bxd5 (46... Rxd5 47. Qxb6 Ba8 48. Qb8+ Rd8 49. Qb4 $11) 47. Rxb6 $11) 46. Rxb6 Rxb6 47. Qxb6 Ra8 48. Qb4 Qa7+ 49. Kh2 Qxa3 50. Qxa3 Rxa3 {[%emt 0:00:05][%mdl 4096] Endgame KRB-KRB. Black is a pawn up.} 51. h4 Kg7 52. Kg3 Ra4 53. Rc1 Kf6 {[%emt 0:00:07] Black is more active.} 54. Rd1 g5 55. hxg5+ Kxg5 56. Re1 f6 57. Rc1 e5 58. Rd1 (58. Rc5 $142 h4+ 59. Kh2) 58... h4+ 59. Kh2 Rd4 60. Rc1 Rd2 61. Kg1 $2 {[%emt 0:00:05][%mdl 8192] [#] This costs White the game.} (61. Rc3 $17) 61... h3 $1 $19 {[%emt 0:00:11][%mdl 512] aiming for ...Kf4.} 62. gxh3 (62. Rb1 hxg2) 62... Bxf3 63. Rc3 e4 64. Rc8 f5 65. Re8 Kf4 66. h4 Rd1 67. Kf2 {[%emt 0:00:05] [#]} e3+ $1 68. Rxe3 {[%emt 0:00:05] [#]} Rxf1+ $1 69. Kxf1 {[%emt 0:00:05][%cal Oe3f3] Black must now prevent Rxf3+!.} Kxe3 {[%emt 0:00:05] Weighted Error Value: White=0.11 (very precise) /Black=0.07 (flawless)   Loses game:     	White=1     	---        Mistake:       	White=2     	---        Inaccurate:     	White=7     	Black=3      OK:         	White=16    	Black=18     Best:        	White=1     	Black=2      Brilliant:      	---       	Black=1} 0-1

[Event "Marshall Masters 03-2025"]
[Site "New York"]
[Date "2025.03.19"]
[Round "1.4"]
[White "Adewumi, Tanitoluwa"]
[Black "Block, Joshua"]
[Result "1-0"]
[Annotator "TA"]
[ECO "C41"]
[WhiteElo "2362"]
[BlackElo "1687"]
[PlyCount "97"]
[EventDate "2025.03.18"]
[EventCountry "USA"]
[SourceTitle "playchess.com"]
[Source "ChessBase"]
[SourceQuality "1"]
[TimeControl "1500+5"]

1. e4 d6 2. d4 Nf6 3. Nc3 e5 4. Nf3 Nbd7 5. Bc4 Be7 6. O-O c6 7. a4 a5 {[%emt 0:00:30] 7...h6 gains popularity. C41: Philidor Defence.} 8. Re1 Qc7 9. h3 h6 {[%emt 0:00:05] White is slightly better.} 10. Be3 g5 11. Nh2 (11. Qd3 $16) 11... Nf8 12. dxe5 dxe5 13. Ng4 $146 (13. Qf3 Be6 14. Bxe6 fxe6 15. Rad1 N8d7 16. Nb1 O-O-O 17. Nd2 Rhf8 18. Qe2 Bc5 19. Qc4 Bxe3 20. Rxe3 {1-0 Nurkiewicz,M (2342)-Jankowiak,P (2039) Lazy Baltic Pearl op-A 17th 2021 (3)}) 13... Ng6 (13... Bxg4 $11 {remains equal.} 14. hxg4 Ng6) 14. Nxf6+ $16 Bxf6 15. Qh5 Nf4 {[%emt 0:00:50] [#]} 16. Bxf4 gxf4 {[%emt 0:00:05] Black is weak on the light squares} 17. Rad1 $36 {[%emt 0:00:09][%mdl 2048] White is in control.} Qe7 18. Rd6 {[%emt 0:06:05] White is much more active.} Qxd6 (18... O-O $16 {was necessary.}) 19. Qxf7+ $18 Kd8 20. Rd1 Qxd1+ 21. Nxd1 Be7 22. Qg7 Rf8 23. b3 (23. Qxe5 b6 24. Nc3 Ra7) 23... Bd6 24. Nb2 (24. Qxh6 Kc7 25. f3 Bd7 $18) 24... Bd7 25. Nd3 Re8 26. Bf7 ({Don't do} 26. Qxh6 Kc7 27. Kh2 Rab8) 26... Kc7 $2 (26... Re7 27. Qh8+ (27. Qxh6 Kc7 $18) (27. Qf8+ Be8 $18) 27... Be8 28. Qxh6 (28. Bxe8 Kc7 $18) 28... Kc7 29. Bxe8 Raxe8) 27. Bxe8 Rxe8 28. c4 b6 29. c5 bxc5 30. Nb2 Rb8 31. Nc4 {[%emt 0:00:05] [#]} Rxb3 32. Nxd6 Kxd6 {[%emt 0:00:32][%mdl 4096] Endgame KQ-KRB} 33. Qf8+ Kc7 34. Qxc5 Be6 35. Qxe5+ Kd7 36. Qxa5 f3 37. g4 Kd6 38. e5+ Kd7 39. Qa7+ Kd8 40. Qc5 {[%emt 0:00:05] aiming for Qd6+.} Bd5 41. Qd6+ Kc8 42. e6 Rb1+ 43. Kh2 Re1 44. e7 {[%emt 0:00:05][%cal Oa4a5] White threatens a5! and mate.} Bf7 45. Qxc6+ {[%emt 0:00:05] White mates.} Kb8 46. Qb6+ Kc8 47. Qc5+ Kd7 48. Qb5+ Kc7 49. Qa5+ {[%emt 0:00:05] Weighted Error Value: White=0.13 (very precise) /Black=0.66  Loses game:     	---       	Black=1      Missed win:     	---       	Black=1      Mistake:       	White=1     	Black=2      Inaccurate:     	White=2     	Black=2      OK:         	White=16    	Black=5      Best:        	White=3     	Black=1} 1-0

[Event "Marshall Masters 03-2025"]
[Site "New York"]
[Date "2025.03.19"]
[Round "1.5"]
[White "Kozower, Ethan"]
[Black "Zhu, Linxi"]
[Result "0-1"]
[Annotator "TA"]
[ECO "E32"]
[WhiteElo "2012"]
[BlackElo "2301"]
[PlyCount "66"]
[EventDate "2025.03.18"]
[EventCountry "USA"]
[SourceTitle "playchess.com"]
[Source "ChessBase"]
[SourceQuality "1"]
[TimeControl "1500+5"]

1. d4 Nf6 2. c4 e6 3. Nc3 Bb4 4. Qc2 O-O 5. Nf3 d5 6. cxd5 exd5 7. Bg5 {[%emt 0:00:13][%cal Bc1g5,Bg5h4,Bh4g3][%mdl 32] E32: Nimzo-Indian: Classical (4 Qc2): 4...0-0.} h6 8. Bh4 c5 9. dxc5 {[%emt 0:01:53] The position is equal.} Nbd7 10. e3 Nxc5 11. Be2 g5 12. Bg3 Nfe4 13. O-O Bxc3 14. bxc3 {[%emt 0:00:05] A sharp opening} Bf5 {[%emt 0:00:05] [#]} 15. Qb2 Qe7 16. Rac1 Rac8 $146 (16... Rfd8 17. c4 Nxg3 18. hxg3 Nd3 19. Bxd3 Bxd3 20. Rfd1 dxc4 21. Ne5 Qe6 22. Nxd3 Rxd3 23. Rxd3 cxd3 24. Qxb7 Rd8 25. Qc7 Qd6 26. Qxd6 {½-½ Rawlings,A (2328)-Tillett,R (2260) BCCC 18/19 Cand 2018}) 17. c4 dxc4 18. Bxc4 Nxg3 19. hxg3 a6 (19... Bd3 $5) 20. Nd4 Bg6 21. Qb6 Kh7 22. Rfd1 Rfd8 23. Nb3 $2 {[%emt 0:01:07][%mdl 8192] [#] Now White is beyond hope.} (23. g4 $11) 23... Na4 $19 24. Rxd8 (24. Qa5 $142 Rxd1+ 25. Rxd1 Rxc4 26. Nd2) 24... Nxb6 25. Rxc8 Nxc8 26. Bd5 Nb6 27. Bf3 Qa3 28. Rc7 Qxa2 29. Nd4 Na4 30. Rxb7 Nc3 {[%emt 0:00:05][%cal Og5g4] White must now prevent ...g4!.} 31. Rc7 Qb1+ 32. Kh2 Ne4 33. Nc6 Nxf2 {[%emt 0:00:12] Weighted Error Value: White=0.60/Black=0.10 (very precise)   Loses game:     	White=1     	---        Mistake:       	White=1     	---        Inaccurate:     	White=2     	Black=2      OK:         	White=8     	Black=7      Best:        	---       	Black=4} 0-1